AoeStats
← Aughmor

Arabia

506034754Analyzed
2v2 RM · 22d ago on Sep 12, 2026· 58m 38s· 4 players
Game mode
Random Map
Map size
Medium (4 player)
Population
200
Speed
Normal
Resources
Standard
Victory
Conquest
Starting age
Dark Age
Ending age
Imperial Age
RankedLock teamsTeams togetherTeam positionsShared explorationLock speedFull tech treeHidden civsTurbo modeCheats
Victory
Defeat
🇵🇪 Byzantines · Peru
967
+14
🇦🇷 Vietnamese · Argentina
868
+18
🇺🇸 Franks · United States
1011
-20
🇺🇸 Teutons · United States
823
-26
king
6:52 Loom
9:48 Feudal Age
10:13 Double-Bit Axe
15:22 Forging
15:57 Scale Barding Armor
19:36 Wheelbarrow
24:15 Castle Age
23:30 Gold Mining
24:14 Stone Mining
26:26 Husbandry
28:58 Gold Shaft Mining
28:37 Bow Saw
30:09 Scale Mail Armor
30:34 Chain Barding Armor
30:49 Iron Casting
35:51 Imperial Age
36:19 Cavalier
38:46 Plate Barding Armor
43:33 Blast Furnace
42:34 Scale Mail Armor
43:19 Pikeman
44:02 Squires
44:02 Halberdier
48:23 Chain Mail Armor
51:27 Plate Mail Armor
Aughmor
11:18 Feudal Age
11:39 Horse Collar
11:47 Double-Bit Axe
15:31 Gold Mining
15:32 Stone Mining
29:12 Castle Age
30:43 Pikeman
31:10 Arson
31:35 Squires
31:45 Heavy Plow
31:58 Bow Saw
38:04 Imperial Age
37:52 Scale Mail Armor
38:02 Forging
38:52 Wheelbarrow
41:15 Chain Mail Armor
44:57 Halberdier
50:48 Plate Mail Armor
54:55 Iron Casting
sheikzn7
8:06 Loom
10:47 Feudal Age
11:25 Double-Bit Axe
12:16 Horse Collar
17:29 Wheelbarrow
21:07 Gold Mining
23:34 Castle Age
23:46 Scale Barding Armor
25:48 Bow Saw
28:01 Forging
29:06 Husbandry
29:42 Hand Cart
30:48 Iron Casting
33:07 Stone Mining
36:37 Chain Barding Armor
38:51 Imperial Age
37:27 Gold Shaft Mining
37:31 Stone Shaft Mining
39:12 Ballistics
39:29 Heavy Cavalry Archer
41:29 Chemistry
41:40 Two-Man Saw
40:42 Heavy Plow
42:19 Logistica
42:37 Padded Archer Armor
42:19 Heavy Camel Rider
46:22 Plate Barding Armor
48:35 Logistica
48:41 Elite Cataphract
MonteBlack
2:42 Loom
11:30 Feudal Age
12:40 Double-Bit Axe
16:04 Fletching
20:24 Forging
20:14 Scale Mail Armor
22:54 Horse Collar
23:08 Gold Mining
28:06 Castle Age
28:56 Bodkin Arrow
28:26 Pikeman
29:10 Squires
34:11 Town Watch
52:47 Elite Skirmisher
57:12 Thumb Ring
59:10 Wheelbarrow
Connection lost

Rejoining the realm…

Still unreachable

The connection could not be restored.

Session expired

The server has moved on; the page needs a fresh start.